 Dungeon Crawl Stone Soup version 0.22.1-5-g62c59d9 (webtiles) character file.

234296 lysyklops the Warrior (level 18, -3/176 HPs)
             Began as a Minotaur Fighter on Jan 6, 2019.
             Was the Champion of Okawaru.
             Drowned by a water nymph (12 damage)
             ... on level 4 of the Shoals on Jan 9, 2019.
             The game lasted 01:33:58 (34020 turns).

lysyklops the Warrior (Minotaur Fighter)           Turns: 34020, Time: 01:34:00

Health: -3/176     AC: 33    Str: 29    XL:     18   Next: 44%
Magic:  23/23      EV:  9    Int:  6    God:    Okawaru [******]
Gold:   2017       SH:  0    Dex: 19    Spells: 17/17 levels left

rFire    . . .     SeeInvis +   L - +12 battleaxe "Undertaker" {freeze, rElec Dex+4}
rCold    + . .     Gourm    .   (shield currently unavailable)
rNeg     + . .     Faith    .   Q - +3 plate armour {MR+}
rPois    .         Spirit   .   I - +2 hat
rElec    +         Reflect  .   v - scarf {repulsion}
rCorr    .         Harm     .   Y - +3 pair of gauntlets of War {Slay+5}
MR       ++...                  n - +2 pair of boots {run}
Stlth    ..........             x - amulet of the acrobat
HPRegen  0.39/turn              c - ring of the Octopus King {AC+1 EV+1 Str+1 Int+1 Dex+1 SInv}
MPRegen  0.18/turn              X - ring "Kianaj" {rC+ rN+ Dex+3}

@: about to teleport, mesmerised, very slightly contaminated, repel missiles,
quick
A: retaliatory headbutt, horns 2
}: 2/15 runes: serpentine, barnacled
a: Heroism, Finesse, Renounce Religion


You were on level 4 of the Shoals.
You worshipped Okawaru.
Okawaru was exalted by your worship.
You were not hungry.

You visited 6 branches of the dungeon, and saw 32 of its levels.
You also visited: Bailey and Ice Cave.

You collected 3337 gold pieces.
You spent 1320 gold pieces at shops.

Inventory:

Hand Weapons
 L - the +12 battleaxe "Undertaker" (weapon) {freeze, rElec Dex+4}
   (Okawaru gifted it to you on level 1 of the Shoals)

   It has been specially enchanted to freeze those struck by it, causing extra
   injury to most foes and up to half again as much damage against particularly
   susceptible opponents.
   It can also slow down cold-blooded creatures.
   It affects your dexterity (+4).
   It insulates you from electricity.
Armour
 n - a +2 pair of boots of running (worn)
 r - a scarf of resistance
 v - a scarf of repulsion (worn)
 I - a +2 hat (worn)
 Q - a +3 plate armour of magic resistance (worn)
 Y - the +3 pair of gauntlets of War (worn) {Slay+5}
   (You acquired it on level 1 of the Orcish Mines)

   It affects your accuracy and damage with ranged weapons and melee attacks
   (+5).
Jewellery
 c - a ring of the Octopus King (left hand) {AC+1 EV+1 Str+1 Int+1 Dex+1 SInv}
   (You found it on level 1 of the Shoals)

   [ring of see invisible]

   It affects your AC (+1).
   It affects your evasion (+1).
   It affects your strength (+1).
   It affects your intelligence (+1).
   It affects your dexterity (+1).
   It lets you see invisible.
 w - a +4 ring of evasion
 x - an amulet of the acrobat (around neck)
 A - an uncursed ring of poison resistance
 H - an uncursed ring of protection from magic
 R - an uncursed ring of ice
 X - the ring "Kianaj" (right hand) {rC+ rN+ Dex+3}
   (You found it on level 4 of the Shoals)

   [ring of protection from cold]

   It affects your dexterity (+3).
   It protects you from cold.
   It protects you from negative energy.
Wands
 t - a wand of clouds (6)
 y - a wand of polymorph (33)
 D - a wand of iceblast (29)
 J - a wand of random effects (86)
 K - a wand of acid (9)
 P - a wand of flame (61)
 V - a wand of paralysis (39)
Scrolls
 a - 2 scrolls of brand weapon
 b - a scroll of fear
 e - 5 scrolls of enchant armour
 h - 13 scrolls of identify
 l - 6 scrolls of blinking
 m - 21 scrolls of remove curse
 p - 3 scrolls of fog
 B - 6 scrolls of amnesia
 C - 3 scrolls of magic mapping
 G - 6 scrolls of teleportation
 M - 3 scrolls of silence
 S - 2 scrolls of enchant weapon
 T - a scroll of vulnerability
 U - 3 scrolls of summoning
Potions
 d - 4 potions of might
 i - 4 potions of magic
 j - 5 potions of haste
 k - 2 potions of resistance
 o - 7 potions of agility
 q - 2 potions of heal wounds
 s - 9 potions of curing
 u - 3 potions of brilliance
 z - 7 potions of flight
 E - 2 potions of lignification
 F - a potion of invisibility
 N - 5 potions of cancellation
 O - 3 potions of berserk rage
 W - a potion of ambrosia
Comestibles
 f - 39 rations


   Skills:
 + Level 19.1 Fighting
 + Level 18.9 Axes
 + Level 19.0 Armour
   Level 18.1 Shields
 - Level 8.0 Invocations
 - Level 4.0 Evocations


You had 17 spell levels left.
You didn't know any spells.
Your spell library contained the following spells:

 Spells                   Type           Power        Failure   Level  Hunger
 Beastly Appendage        Tmut           #.....       92%         1    ##.....
 Corona                   Hex            #......      92%         1    ##.....
 Flame Tongue             Conj/Fire      #....        92%         1    ##.....
 Magic Dart               Conj           #...         92%         1    ##.....
 Shock                    Conj/Air       #...         92%         1    ##.....
 Sting                    Conj/Pois      #...         92%         1    ##.....
 Summon Small Mammal      Summ           #...         92%         1    ##.....
 Call Imp                 Summ           #.......     98%         2    ###....
 Poisonous Vapours        Pois/Air       #.....       98%         2    ###....
 Searing Ray              Conj           #.....       98%         2    ###....
 Slow                     Hex            #.......     98%         2    ###....
 Sticks to Snakes         Tmut           #.......     98%         2    ###....
 Sublimation of Blood     Necr           #.........   98%         2    ###....
 Swiftness                Chrm/Air       #.......     98%         2    ###....
 Throw Flame              Conj/Fire      #.....       98%         2    ###....
 Call Canine Familiar     Summ           #.......     100%        3    ####...
 Dazzling Spray           Conj/Hex       #.....       100%        3    ####...
 Ignite Poison            Fire/Tmut/Pois #.......     100%        3    ####...
 Inner Flame              Hex/Fire       #.......     100%        3    ####...
 Mephitic Cloud           Conj/Pois/Air  #.......     100%        3    ####...
 Portal Projectile        Hex/Tloc       #.....       100%        3    ####...
 Recall                   Summ/Tloc      N/A          100%        3    ####...
 Spider Form              Tmut/Pois      #.........   100%        3    ####...
 Static Discharge         Conj/Air       #.......     100%        3    ####...
 Summon Guardian Golem    Hex/Summ       #.......     100%        3    ####...
 Airstrike                Air            #.........   100%        4    #####..
 Animate Dead             Necr           N/A          100%        4    #####..
 Cause Fear               Hex            #.........   100%        4    #####..
 Force Lance              Conj/Tloc      #.......     100%        4    #####..
 Fulminant Prism          Conj/Hex       #.........   100%        4    #####..
 Ice Form                 Ice/Tmut       #.......     100%        4    #####..
 Iskenderun's Mystic Bla  Conj           #.......     100%        4    #####..
 Leda's Liquefaction      Hex/Erth       #.........   100%        4    #####..
 Olgreb's Toxic Radiance  Pois           #.......     100%        4    #####..
 Petrify                  Tmut/Erth      #.......     100%        4    #####..
 Summon Ice Beast         Ice/Summ       #.......     100%        4    #####..
 Summon Lightning Spire   Summ/Air       #.......     100%        4    #####..
 Throw Icicle             Conj/Ice       #.......     100%        4    #####..
 Alistair's Intoxication  Tmut/Pois      #.......     100%        5    ######.
 Aura of Abjuration       Summ           #.........   100%        5    ######.
 Blade Hands              Tmut           #.........   100%        5    ######.
 Excruciating Wounds      Chrm/Necr      #.........   100%        5    ######.
 Irradiate                Conj/Tmut      #.........   100%        5    ######.
 Lightning Bolt           Conj/Air       #.........   100%        5    ######.
 Silence                  Hex/Air        #.........   100%        5    ######.
 Summon Demon             Summ           #.........   100%        5    ######.
 Summon Forest            Summ/Tloc      #.........   100%        5    ######.
 Summon Mana Viper        Hex/Summ       #.......     100%        5    ######.
 Venom Bolt               Conj/Pois      #.........   100%        5    ######.
 Shadow Creatures         Summ           N/A          100%        6    #######


Dungeon Overview and Level Annotations

Branches:
Dungeon (15/15)            Temple (1/1) D:4            Lair (6/6) D:11
 Shoals (4/4) Lair:4        Snake (4/4) Lair:2        Slime (0/5) Lair:6
    Orc (2/2) D:11            Elf (0/3) Orc:2        Vaults (0/5) D:14
 Depths (0/5) D:15

Altars:
Ashenzari
Cheibriados
Dithmenos
Elyvilon
Fedhas
Hepliaklqana
Kikubaaqudgha
Makhleb
Nemelex Xobeh
Okawaru
Qazlal
Ru
Sif Muna
Trog
Uskayaw
Wu Jian
Xom
Yredelemnul
Zin
The Shining One
Beogh

Shops:
D:6 *   D:9 ?*   D:12 }*}   Orc:2 [([?}   Shoals:3 [   Snake:3 [   Snake:4 }

Annotations:
D:5 2 transporters
D:6 1 runed door, Harpaggios's ghost, novice VSEn
D:11 2 runed doors
Lair:4 exclusion: oklob plant


Innate Abilities, Weirdness & Mutations

You reflexively headbutt those who attack you in melee.
You have a pair of horns on your head.


Message History

* * * LOW HITPOINT WARNING * * *
The merfolk impaler hits you with a trident.
* * * LOW HITPOINT WARNING * * *
The merfolk avatar chants its luring song.
As you read the scroll of teleportation, it crumbles to dust.
You feel strangely unstable.
The drowned soul returns to the deep!
The merfolk impaler hits you with a trident.
* * * LOW HITPOINT WARNING * * *
The water elemental barely misses you. You furiously retaliate!
You headbutt the water elemental! The water nymph closely misses you.
You furiously retaliate!
You headbutt the water nymph.
The merfolk avatar chants its luring song.
The merfolk impaler hits you but does no damage.
You slice the water elemental!! You freeze the water elemental!
You destroy the water elemental!
Okawaru accepts your kill.
You slash the merfolk impaler! You freeze the merfolk impaler.
You closely miss the water nymph. The water nymph touches you.
The water nymph drowns you!
You die...

≈≈≈≈≈≈≈≈ ≈≈≈≈≈≈ ≈≈≈≈≈≈≈
≈≈ ≈≈≈≈≈≈≈≈.. #
≈≈≈≈≈≈≈≈. ≈≈≈≈≈≈≈≈≈.
≈≈≈≈≈≈≈≈≈≈≈#####
≈≈≈≈≈≈≈≈mt##..?##
≈≈≈≈≈≈≈≈≈≈≈#≈≈...#
#≈≈≈≈≈≈≈≈..m@)≈...#
#'##..."≈≈≈...≈m#†...†#
≈.......≈≈....≈≈##...##
.........≈.......#####
..................≈≈≈≈
.................≈≈≈≈≈
............≈...≈≈≈≈≈≈.
..........≈≈≈≈≈≈≈≈≈≈≈.#
........≈...≈≈≈≈≈≈≈≈..#


You could see a merfolk avatar, a merfolk impaler, a snapping turtle and a water
nymph.

Vanquished Creatures
  Vashnia (Snake:4)
  Saint Roka (Orc:2)
  Nikola (Snake:2)
  Gastronok (D:10)
  Kirke (Shoals:2)
  Frances (D:14)
  6 nagarajas
  An orc warlord (Orc:1)
  Nessos (D:14)
  An ettin (Orc:1)
  Snorg (D:14)
  A merfolk javelineer (Shoals:4)
  7 merfolk impalers
  3 ogre magi
  2 slime creatures (D:12)
  Harold (Lair:1)
  Erolcha (D:9)
  Erica (Lair:1)
  17 naga warriors
  3 hydras (Lair:6)
  A vault guard (D:14)
  2 merfolk avatars
  A catoblepas (D:14)
  5 anacondas
  3 merfolk aquamancers (Shoals:4)
  An alligator snapping turtle (Shoals:4)
  A centaur warrior (D:14)
  The ghost of Regeox the Cleaver, a novice HOFi of Okawaru (Lair:1)
  6 death yaks
  2 satyrs
  19 two-headed ogres
  Urug (Lair:1)
  A vampire mage (D:14)
  14 naga sharpshooters
  10 shock serpents
  4 salamander mystics
  A skeletal warrior (D:15)
  A spark wasp zombie (D:15)
  2 unseen horrors (D:15)
  10 sea snakes
  Pikel (D:8)
  7 naga ritualists
  2 necromancers
  3 harpies (Shoals:2)
  3 orc knights
  9 mana vipers
  An orc sorcerer (Orc:2)
  2 ugly things (D:11)
  A frost giant zombie (D:15)
  8 cyclopes
  12 fauns
  A sphinx skeleton (D:15)
  A deep elf mage (D:14)
  7 salamanders
  A frost giant skeleton (D:15)
  10 manticores
  6 elephants (Lair:6)
  12 merfolk sirens
  3 ice statues (IceCv)
  32 black mambas
  Maurice (D:9)
  6 water nymphs
  3 gargoyles
  19 naga magi
  6 guardian serpents
  3 kobold demonologists (D:12)
  9 spiny frogs
  A yaktaur (shapeshifter) (D:11)
  3 rime drakes
  2 centaur skeletons
  2 efreet
  11 ice devils (IceCv)
  5 komodo dragons
  22 merfolk
  4 polar bears (Lair:6)
  A guardian mummy (D:15)
  5 trolls
  2 wind drakes
  7 hornets
  14 snapping turtles
  15 hippogriffs
  22 blink frogs
  19 dream sheep
  14 spriggans (Lair:6)
  7 water elementals
  9 wyverns
  A wraith (D:15)
  3 basilisks
  35 yaks
  3 hogs (Shoals:2)
  4 vampire mosquitoes (D:12)
  5 hungry ghosts
  3 wargs
  A steam dragon (D:11)
  Edmund (D:5)
  60 nagas
  17 water moccasins
  51 orc warriors
  9 porcupines
  3 sky beasts
  A slave (D:8)
  5 black bears
  6 phantoms
  9 ice beasts
  19 ogres
  11 centaurs
  32 wolves
  4 boggarts (Lair:6)
  14 crocodiles
  5 big kobolds
  19 bullfrogs
  A gnoll sergeant (D:6)
  A wyvern zombie (D:13)
  A wyvern skeleton (D:8)
  3 scorpions
  5 killer bees
  An electric eel (Lair:5)
  13 wights
  2 howler monkeys
  9 crimson imps
  4 centaur zombies
  A bullfrog zombie (D:5)
  2 jellies (D:9)
  13 hounds
  25 orc priests
  2 bullfrog skeletons
  34 orc wizards
  Natasha (thrice) (D:3)
  7 iguanas
  Terence (D:2)
  12 worker ants
  4 hell rats (Lair:5)
  2 troll simulacra (IceCv)
  A centaur simulacrum (IceCv)
  A hound zombie (D:10)
  A hound skeleton (D:11)
  A howler monkey zombie (D:10)
  3 gnolls (D:2)
  2 worker ant zombies
  5 ogre simulacra (IceCv)
  19 adders
  2 naga simulacra (IceCv)
  3 shadow imps
  12 white imps (Lair:6)
  2 adder zombies
  An adder skeleton (D:9)
  7 worms
  6 dart slugs
  5 leopard geckos
  140 orcs
  7 bats
  2 giant cockroaches
  15 goblins
  2 hobgoblins
  19 jackals
  2 quokkas
  2 ball pythons
  3 frilled lizards
  A jackal zombie (D:6)
  19 kobolds
  3 leopard gecko skeletons
  11 rats
  3 fungi
  7 plants
1246 creatures vanquished.

Vanquished Creatures (others)
  2 naga sharpshooters (Snake:2)
  4 fungi
  4 plants
  8 withered plants (D:15)
18 creatures vanquished.

Grand Total: 1264 creatures vanquished

Notes
Turn   | Place    | Note
-------+----------+-------------------------------------------
     0 | D:1      | lysyklops the Minotaur Fighter began the quest for the Orb.
     0 | D:1      | Reached XP level 1. HP: 19/19 MP: 0/0
   222 | D:1      | Reached XP level 2. HP: 27/27 MP: 1/1
   419 | D:1      | Reached XP level 3. HP: 32/33 MP: 2/2
  1102 | D:2      | Reached XP level 4. HP: 26/41 MP: 3/3
  1669 | D:3      | Noticed Terence
  1679 | D:2      | Reached XP level 5. HP: 38/47 MP: 4/4
  1705 | D:2      | Killed Terence
  1832 | D:3      | Reached skill level 5 in Fighting
  1969 | D:3      | Reached skill level 5 in Armour
  2023 | D:3      | Noticed Natasha
  2025 | D:3      | Reached skill level 5 in Shields
  2039 | D:3      | Killed Natasha
  2314 | D:3      | Noticed Natasha
  2317 | D:3      | Reached XP level 6. HP: 50/56 MP: 5/5
  2323 | D:3      | Killed Natasha
  2486 | D:3      | Noticed Natasha
  2491 | D:3      | Killed Natasha
  2671 | D:4      | Noticed an orc warrior
  2725 | D:3      | Killed an orc warrior
  3006 | D:4      | Reached skill level 5 in Axes
  3122 | D:4      | Reached XP level 7. HP: 54/62 MP: 6/6
  3334 | D:4      | Found a staircase to the Ecumenical Temple.
  3363 | Temple   | Entered the Ecumenical Temple
  3453 | Temple   | Became a worshipper of Warmaster Okawaru
  3745 | D:5      | Entered Level 5 of the Dungeon
  3864 | D:5      | Found a burning altar of Makhleb.
  3865 | D:5      | Found a deep blue altar of Sif Muna.
  3865 | D:5      | Found an ornate altar of the Wu Jian Council.
  3891 | D:5      | Found a transporter.
  3946 | D:5      | Found a transporter.
  4064 | D:5      | Noticed Edmund
  4073 | D:5      | Killed Edmund
  4147 | D:5      | Reached XP level 8. HP: 67/71 MP: 7/7
  4437 | D:6      | Found a runed door.
  4437 | D:6      | Found a shimmering altar of Xom.
  4437 | D:6      | Noticed Harpaggios's ghost (novice VSEn)
  4437 | D:6      | Noticed a rapier of chaos
  4651 | D:6      | Reached * piety under Okawaru
  4673 | D:6      | Found Zerac's Assorted Antiques.
  4769 | D:6      | Found a shimmering altar of Xom.
  5030 | D:7      | Reached skill level 1 in Invocations
  5259 | D:7      | Identified the Volume of Igneous Unholy Rituals
  5376 | D:7      | Reached XP level 9. HP: 77/81 MP: 9/9
  5458 | D:7      | Reached ** piety under Okawaru
  5602 | D:8      | Found a sparkling altar of Nemelex Xobeh.
  5648 | D:8      | Found a glowing silver altar of Zin.
  5793 | D:8      | Noticed Pikel
  5805 | D:8      | Killed Pikel
  5926 | D:8      | Reached *** piety under Okawaru
  5987 | D:8      | You fall through a shaft for 3 floors!
  5987 | D:11     | Noticed a death yak
  6034 | D:10     | Entered Level 10 of the Dungeon
  6050 | D:9      | Killed a death yak
  6050 | D:9      | Reached **** piety under Okawaru
  6050 | D:9      | Reached XP level 10. HP: 32/91 MP: 9/12
  6329 | D:9      | Found a shattered altar of Ashenzari.
  6333 | D:9      | Noticed Maurice
  6342 | D:9      | Killed Maurice
  6468 | D:9      | Found Qereigru's General Store.
  6471 | D:9      | Found a basalt altar of Yredelemnul.
  6473 | D:9      | Bought a scroll of remove curse for 45 gold pieces
  6473 | D:9      | Bought a scroll of amnesia for 52 gold pieces
  6517 | D:9      | Noticed Erolcha
  6531 | D:9      | Killed Erolcha
  6531 | D:9      | Reached skill level 5 in Invocations
  6842 | D:9      | Reached ***** piety under Okawaru
  7086 | D:9      | Found Aqiec Icig's Magic Scroll Shoppe.
  7091 | D:9      | Bought a scroll of teleportation for 51 gold pieces
  7091 | D:9      | Bought a scroll of identify for 34 gold pieces
  7103 | D:9      | Noticed a two-headed ogre
  7109 | D:9      | Reached skill level 10 in Shields
  7114 | D:9      | Received a gift from Okawaru
  7114 | D:9      | Reached skill level 10 in Fighting
  7114 | D:9      | Reached skill level 10 in Armour
  7150 | D:9      | Killed a two-headed ogre
  7150 | D:9      | Reached XP level 11. HP: 91/100 MP: 10/14
  7580 | D:10     | Noticed Gastronok
  7857 | D:10     | Killed Gastronok
  7857 | D:10     | Reached skill level 10 in Axes
  8089 | D:10     | Received a gift from Okawaru
  8092 | D:10     | Got a pair of smoking gloves {god gift}
  8113 | D:10     | Identified the +0 pair of gloves "Aqetzo Elio" {rC+ Int+3}
                  | (Okawaru gifted it to you on level 10 of the Dungeon)
  8976 | D:11     | Found a staircase to the Lair.
  8976 | D:11     | Noticed a death yak
  8976 | D:11     | Noticed a death yak
  8976 | D:11     | Noticed a death yak
  8977 | D:11     | Noticed a death yak
  8977 | D:11     | Noticed a death yak
  8987 | D:11     | Found a staircase to the Orcish Mines.
  9029 | D:10     | Killed a death yak
  9042 | D:10     | Killed a death yak
  9058 | D:11     | Killed a death yak
  9065 | D:11     | Killed a death yak
  9074 | D:11     | HP: 2/102 [death yak (13)]
  9079 | D:11     | Killed a death yak
  9679 | D:11     | Found a large runed door.
  9679 | D:11     | Found a large runed door.
  9682 | D:11     | Noticed a red ugly thing
  9688 | D:11     | Killed a red ugly thing
  9697 | D:11     | Reached XP level 12. HP: 99/110 MP: 16/16
  9756 | D:11     | Found a large runed door.
  9756 | D:11     | Found a large runed door.
 10101 | Lair:1   | Entered Level 1 of the Lair of Beasts
 10140 | Lair:1   | Noticed Erica
 10144 | Lair:1   | Received a gift from Okawaru
 10165 | Lair:1   | Killed Erica
 10170 | Lair:1   | Got a faintly glowing broad axe {god gift}
 10171 | Lair:1   | Identified the +2 broad axe of Wariness {flame, rElec
                  | Dex+4} (Okawaru gifted it to you on level 1 of the Lair of
                  | Beasts)
 10180 | Lair:1   | Noticed Harold
 10189 | Lair:1   | Reached ****** piety under Okawaru
 10195 | Lair:1   | Killed Harold
 10482 | Lair:1   | Noticed Urug
 10499 | Lair:1   | Killed Urug
 10795 | Lair:1   | Noticed Regeox's ghost (novice HOFi)
 10798 | Lair:1   | Found a transporter.
 10805 | Lair:1   | Found a transporter.
 11076 | Lair:1   | Killed Regeox's ghost
 11182 | Lair:2   | Received a gift from Okawaru
 11595 | Lair:2   | Found a staircase to the Snake Pit.
 11962 | Lair:3   | Reached XP level 13. HP: 111/119 MP: 18/18
 13241 | Lair:4   | Found a staircase to the Shoals.
 14212 | Lair:5   | Received a gift from Okawaru
 14664 | Lair:6   | Entered Level 6 of the Lair of Beasts
 14740 | Lair:6   | Found a frozen archway.
 14768 | IceCv    | Entered an ice cave
 15073 | IceCv    | Received a gift from Okawaru
 15251 | Lair:6   | Reached XP level 14. HP: 107/132 MP: 19/19
 16181 | Lair:6   | Identified the Compendium of Aerial Confrontation
 16303 | Lair:6   | Received a gift from Okawaru
 16392 | Lair:6   | Found a staircase to the Slime Pits.
 16869 | D:12     | Found Yladilam's Gadget Boutique.
 17052 | D:12     | Found Oginacox's General Store.
 17075 | D:12     | Found Sytiw's Gadget Shoppe.
 17115 | D:12     | Found a flagged portal.
 17121 | Bailey   | Entered a bailey
 17164 | Bailey   | Found a bloodstained altar of Trog.
 17818 | D:13     | Reached skill level 15 in Shields
 18015 | D:13     | Reached skill level 15 in Fighting
 18075 | D:13     | Reached skill level 15 in Armour
 18761 | D:14     | Received a gift from Okawaru
 18769 | D:14     | Reached skill level 15 in Axes
 18769 | D:14     | Reached XP level 15. HP: 123/141 MP: 20/20
 18821 | D:14     | Noticed Nessos
 18844 | D:14     | Killed Nessos
 18965 | D:14     | Noticed Frances
 18972 | D:14     | Killed Frances
 19405 | D:14     | Received a gift from Okawaru
 19496 | D:14     | Noticed Snorg
 19503 | D:14     | Killed Snorg
 19557 | D:14     | Found a gate to the Vaults.
 19602 | D:15     | Entered Level 15 of the Dungeon
 19602 | D:15     | Found a staircase to the Depths.
 20476 | D:15     | Received a gift from Okawaru
 20693 | D:15     | Received a gift from Okawaru
 20701 | D:15     | Got an ivory broad axe {god gift}
 20702 | D:15     | Identified the +4 broad axe "Webong" {chop, +Blink Int+5}
                  | (Okawaru gifted it to you on level 15 of the Dungeon)
 20747 | D:15     | Found a shadowy altar of Dithmenos.
 20988 | Orc:1    | Entered Level 1 of the Orcish Mines
 20990 | Orc:1    | Noticed an orc warlord
 21012 | Orc:1    | Killed an orc warlord
 21217 | Orc:1    | Reached skill level 1 in Evocations
 21473 | Orc:2    | Entered Level 2 of the Orcish Mines
 21510 | Orc:2    | Found a staircase to the Elven Halls.
 21648 | Orc:2    | Found a roughly hewn altar of Beogh.
 21662 | Orc:2    | Found Zidemouch's Magic Scroll Shop.
 21682 | Orc:2    | Bought a scroll of acquirement for 884 gold pieces
 21682 | Orc:2    | Bought a scroll of blinking for 127 gold pieces
 21682 | Orc:2    | Bought a scroll of blinking for 127 gold pieces
 22126 | Orc:2    | Found Jisivonuu's Armour Emporium.
 22210 | Orc:2    | Found a roughly hewn altar of Beogh.
 22269 | Orc:2    | Found Cutsyf's Antique Weapon Emporium.
 22270 | Orc:2    | Found a roughly hewn altar of Beogh.
 22275 | Orc:2    | Found Luno's Antique Armour Shoppe.
 22307 | Orc:2    | Noticed Saint Roka
 22344 | Orc:2    | Killed Saint Roka
 22444 | Orc:2    | Found a roughly hewn altar of Beogh.
 22457 | Orc:2    | Found Lusu's Gadget Shoppe.
 22501 | Orc:2    | Found a roughly hewn altar of Beogh.
 22562 | Orc:2    | Found a roughly hewn altar of Beogh.
 22584 | Orc:2    | Found a roughly hewn altar of Beogh.
 22637 | Orc:1    | Reached XP level 16. HP: 151/151 MP: 21/21
 22705 | Orc:1    | Found the +3 pair of gauntlets of War {Slay+5}
 22938 | Snake:1  | Entered Level 1 of the Snake Pit
 22954 | Snake:1  | Received a gift from Okawaru
 22957 | Snake:1  | Got a pair of warped gloves {god gift}
 23037 | Snake:1  | Identified the +0 pair of gloves of Pachirgh {MR+ rCorr
                  | Str-2 SInv} (Okawaru gifted it to you on level 1 of the
                  | Snake Pit)
 24484 | Snake:2  | Noticed Nikola
 25173 | Snake:1  | Received a gift from Okawaru
 25183 | Snake:1  | HP: 7/154 [poisoned by a naga mage (poison arrow)]
 25188 | Snake:1  | HP: 6/154 [poisoned by a naga mage (poison arrow)]
 25193 | Snake:1  | HP: 6/154 [poisoned by a naga mage (poison arrow)]
 25717 | Snake:2  | Killed Nikola
 27229 | Snake:3  | Found Gixol's Armour Shop.
 27255 | Snake:3  | Reached XP level 17. HP: 117/161 MP: 22/22
 27506 | Snake:3  | Upgraded the game from 0.22.1-2-g9c5b331 to
                  | 0.22.1-5-g62c59d9
 27770 | Snake:4  | Entered Level 4 of the Snake Pit
 27891 | Snake:4  | Found Nuwk's Gadget Boutique.
 27995 | Snake:4  | Received a gift from Okawaru
 28128 | Snake:3  | HP: 3/162 [shock serpent (11)]
 28128 | Snake:3  | HP: 1/162 [anaconda (2)]
 28734 | Snake:4  | Noticed Vashnia
 28948 | Snake:4  | Killed Vashnia
 28948 | Snake:4  | Received a gift from Okawaru
 29607 | Snake:4  | Got a serpentine rune of Zot
 30413 | Shoals:1 | Entered Level 1 of the Shoals
 30448 | Shoals:1 | Received a gift from Okawaru
 30451 | Shoals:1 | Got a smoking battleaxe {god gift}
 30459 | Shoals:1 | Identified the +12 battleaxe "Undertaker" {freeze, rElec
                  | Dex+4} (Okawaru gifted it to you on level 1 of the Shoals)
 30470 | Shoals:1 | Found the ring of the Octopus King
 30478 | Shoals:1 | Got a ring of the Octopus King
 31640 | Shoals:2 | Identified a ring of the Octopus King {AC+1 EV+1 Str+1
                  | Int+1 Dex+1 SInv} (You found it on level 1 of the Shoals)
 31766 | Shoals:2 | Noticed Kirke
 31786 | Shoals:2 | Killed Kirke
 32069 | Shoals:3 | Reached XP level 18. HP: 156/173 MP: 23/23
 32256 | Shoals:3 | Found Qeeni's Armour Shoppe.
 32321 | Shoals:3 | Received a gift from Okawaru
 32368 | Shoals:3 | Identified a +2 pair of boots of running (Okawaru gifted it
                  | to you on level 3 of the Shoals)
 33227 | Shoals:4 | Entered Level 4 of the Shoals
 33556 | Shoals:4 | Got a barnacled rune of Zot
 33942 | Shoals:4 | Got a pitted amber ring
 33944 | Shoals:4 | Identified the ring "Kianaj" {rC+ rN+ Dex+3} (You found it
                  | on level 4 of the Shoals)
 34020 | Shoals:4 | Drowned by a water nymph

Skill      XL: |  1  2  3  4  5  6  7  8  9 10 11 12 13 14 15 16 17 18 |
---------------+-------------------------------------------------------+-----
Fighting       | 4 5 6 7 9 10 11 12 14 15 16 17 18 19 | 19.1
Armour         | 4 5 6 7 9 10 11 12 13 15 16 17 18 19 | 19.0
Shields        | 4 5 6 7 9 10 11 12 14 15 16 17 18 | 18.1
Axes           | 3 4 5 6 7 8 9 11 12 13 15 16 17 18 | 18.9
Invocations    | 2 4 5 7 8 |  8.0
Evocations     | 2 4 |  4.0

Action                   |  1- 3 |  4- 6 |  7- 9 | 10-12 | 13-15 | 16-18 || total
-------------------------+-------+-------+-------+-------+-------+-------++-------
Melee: War axe           |    70 |   155 |   263 |   395 |       |       ||   883
       Headbutt          |     6 |    24 |    53 |   130 |   331 |   221 ||   765
       Broad axe         |       |       |       |   180 |  1402 |   598 ||  2180
       Battleaxe         |       |       |       |       |       |   309 ||   309
Invok: Heroism           |       |       |     1 |     5 |     8 |     4 ||    18
       Finesse           |       |       |       |     1 |     3 |       ||     4
 Abil: Evoke Blink       |       |       |       |       |     1 |     1 ||     2
  Use: Scroll            |       |       |       |     4 |    21 |    12 ||    37
       Potion            |       |       |       |     2 |       |     7 ||     9
 Stab: Fleeing           |       |       |       |       |       |     1 ||     1
  Eat: Chunk             |       |     7 |    10 |    13 |    36 |    17 ||    83
       Ration            |       |       |       |     2 |     1 |     6 ||     9
Armor: Scale mail        |    28 |    51 |       |       |       |       ||    79
       Plate armour      |       |     9 |   126 |   169 |   453 |   423 ||  1180
Dodge: Dodged            |    24 |    53 |    47 |   182 |   521 |   558 ||  1385
       Deflected         |       |     1 |       |     4 |    18 |   121 ||   144
Block: Shield            |    31 |    97 |   101 |   323 |   880 |   548 ||  1980
